 Dungeon Crawl Stone Soup version 0.31-a0-1206-g41278d8d1d (webtiles) character file.

Game seed: 5431011484888983184

680 greynaab the Changeling (level 7, 0/61 HPs)
             Began as a Troll Shapeshifter on Dec 13, 2023.
             Was a Follower of Cheibriados.
             Slain by a two-headed ogre
             ... wielding a +0 giant spiked club
              (13 damage)
             ... on level 5 of the Dungeon.
             The game lasted 00:07:10 (2771 turns).

greynaab the Changeling (Troll Shapeshifter)        Turns: 2771, Time: 00:07:11

Health: 0/61       AC:  4    Str: 31    XL:     7   Next: 34%
Magic:  6/6        EV:  9    Int: 10    God:    Cheibriados [*.....]
Gold:   55         SH:  0    Dex: 11    Spells: 3/6 levels left

rFire   . .          .
                       - Unarmed
rCold   . . .        (no shield)
rNeg    + . .        a - +0 animal skin
rPois   .            (helmet currently unavailable)
rElec   .            (cloak currently unavailable)
rCorr   .            (gloves unavailable)
SInv    .            (boots unavailable)
Will    .....        (no amulet)
Stlth   +            q - ring of positive energy
HPRegen 1.10/turn    s - +6 ring of strength
MPRegen 0.10/turn

%: no passive effects
@: beast-form, very slow
A: beast (slay +4), large, unfitting armour, claws 3, regeneration 1, shaggy fur
1, tough skin 1
a: Begin Untransformation, Renounce Religion, Bend Time


You were on level 5 of the Dungeon.
You worshipped Cheibriados.
Cheibriados was aware of your devotion.
You were a hulking beast.
You visited 1 branch of the dungeon, and saw 5 of its levels.

You collected 198 gold pieces.
You spent 143 gold pieces at shops.

Inventory:

Hand Weapons
 o - a +0 flail
Missiles
 f - 9 poisoned darts (quivered)
 k - 5 boomerangs
Armour
 a - a +0 animal skin (worn)
Jewellery
 q - a ring of positive energy (left claw)
 s - a +6 ring of strength (right claw)
Talismans
 c - a beast talisman
 d - a flux talisman
Wands
 t - a wand of flame (14)
Scrolls
 g - a scroll of brand weapon {unknown}
 l - a scroll of noise {unknown}
 p - a scroll of blinking
 v - 2 scrolls of teleportation
Potions
 b - a potion of lignification
 e - a potion of berserk rage
 h - a potion of might {unknown}
 i - 3 potions of heal wounds {unknown}
 j - 3 potions of degeneration
 m - 2 potions of curing {unknown}
 n - 3 potions of mutation {unknown}
 r - a potion of resistance {unknown}
 u - a potion of ambrosia


   Skills:
 - Level 0.7 Fighting
 - Level 1.5 Dodging
 - Level 5.0 Unarmed Combat
 * Level 7.1 Shapeshifting


You had 3 spell levels left.
You knew the following spells:

 Your Spells              Type           Power      Damage    Failure   Level
a - Call Canine Familiar  Summ           0%         N/A       75%         3

Your spell library contained the following spells:

 Spells                   Type           Power      Damage    Failure   Level
 Apportation              Tloc           0%         N/A       36%         1
 Necrotise                Necr           0%         1d4       36%         1
 Summon Small Mammal      Summ           0%         N/A       36%         1
 Summon Guardian Golem    Hex/Summ       0%         N/A       75%         3
 Volatile Blastmotes      Fire/Tloc      0%         2d10      75%         3
 Fulminant Prism          Conj/Hex       0%         3d5       98%         4
 Iskenderun's Mystic Bla  Conj/Tloc      0%         2d3       98%         4


Dungeon Overview and Level Annotations

Branches:
Dungeon (5/15) Zot: 40182
 Temple: D:4-7

Altars:
Cheibriados
Gozag

Shops:
D:3 *

Annotations:
D:4 3 runed translucent doors, chickenman's ghost, weakling HuAr


Innate Abilities, Weirdness & Mutations

You are a hulking beast.
Your limbs bulge with bestial killing power. (Slay +4)
You are too large for most types of armour.
You have claws for hands.
Your natural rate of healing is unusually fast.
You are covered in fur. (AC +1)
You have tough skin. (AC +1)


Message History

You feel stronger.
s - a +6 ring of strength (right claw) Throw: 12 darts (poison)
Press: ? - help, Q - select action, (/) - cycle Shift-Dir - straight line, f - two-headed ogre
Aim: a two-headed ogre, wielding a +0 giant spiked club and a +0 giant club (73% to hit)
You throw a poisoned dart.
The poisoned dart hits the two-headed ogre.
The two-headed ogre is poisoned.
An orc comes into view. It is wielding a +0 mace.
An orc comes into view. It is wielding a +0 short sword.
Throw: 11 darts (poison)
Press: ? - help, Q - select action, (/) - cycle Shift-Dir - straight line, f/p - two-headed ogre
Aim: a two-headed ogre, wielding a +0 giant spiked club and a +0 giant club (lightly wounded, poisoned, 73% to hit)
You throw a poisoned dart.
The poisoned dart hits the two-headed ogre.
The two-headed ogre looks even sicker.
The two-headed ogre is lightly wounded.
The orc shouts! x2
You hear a shout!
Throw: 10 darts (poison)
Press: ? - help, Q - select action, (/) - cycle Shift-Dir - straight line, f/p - two-headed ogre
Aim: a two-headed ogre, wielding a +0 giant spiked club and a +0 giant club (lightly wounded, very poisoned, 73% to hit)
You throw a poisoned dart.
The poisoned dart hits the two-headed ogre.
The two-headed ogre looks even sicker.
The two-headed ogre is lightly wounded.
The two-headed ogre hits you with a +0 giant spiked club.
The two-headed ogre hits you with a +0 giant club!
You completely miss the two-headed ogre.
The two-headed ogre is lightly wounded.
You scratch the two-headed ogre.
The two-headed ogre is moderately wounded.
The two-headed ogre hits you with a +0 giant spiked club!!
Ouch! That really hurt!
* * * LOW HITPOINT WARNING * * *
The two-headed ogre barely misses you.
You barely miss the two-headed ogre.
The two-headed ogre is moderately wounded.
The two-headed ogre hits you with a +0 giant spiked club!
You die...

+...... #...... ##...##
#...... #.#'#. #......
###... #..(..o
#.#####..... #...(..
#.....##.... #....(!
#..'....
#.>....###########.###...
#....oOh............#...
#.###############...####
.....# #...#.# #...#.#
#...#.# #...#.# #...#.#
#...#.#


You could see a two-headed ogre (very poisoned) and an orc.

Vanquished Creatures
  Sigmund (D:2)
  A water moccasin (D:3)
  A black bear (D:4)
  3 scorpions
  Jessica (D:2)
  A mummy (D:4)
  4 adders
  3 worms
  A dart slug (D:4)
  5 orcs
  4 ball pythons
  10 endoplasms
  2 giant cockroaches
  3 goblins
  4 hobgoblins
  3 jackals (D:4)
  4 quokkas
  6 bats
  3 frilled lizards (D:1)
  5 kobolds
  3 rats
68 creatures vanquished.

Notes
Turn   | Place    | Note
-------+----------+-------------------------------------------
     0 | D:1      | greynaab the Troll Shapeshifter began the quest for the
                  | Orb.
     0 | D:1      | Reached XP level 1. HP: 18/18 MP: 0/0
   116 | D:1      | Reached XP level 2. HP: 26/26 MP: 1/1
   547 | D:2      | Noticed Jessica
   563 | D:2      | Killed Jessica
   564 | D:2      | Reached skill level 4 in Shapeshifting
   564 | D:2      | Reached XP level 3. HP: 32/32 MP: 2/2
   864 | D:2      | Noticed Sigmund
   870 | D:2      | Killed Sigmund
   871 | D:2      | Reached skill level 5 in Shapeshifting
   871 | D:2      | Reached XP level 4. HP: 33/40 MP: 3/3
   871 | D:2      | Reached XP level 5. HP: 38/46 MP: 4/4
  1049 | D:3      | Found a faded altar of an unknown god.
  1064 | D:3      | Found Nauquneja's General Store.
  1064 | D:3      | Noticed a water moccasin
  1109 | D:4      | Reached XP level 6. HP: 37/54 MP: 5/5
  1173 | D:4      | Found a snail-covered altar of Cheibriados.
  1193 | D:4      | Became a worshipper of Cheibriados the Contemplative
  1275 | D:4      | Reached skill level 5 in Unarmed Combat
  1307 | D:4      | Learned a level 3 spell: Call Canine Familiar
  1379 | D:4      | Reached skill level 6 in Shapeshifting
  1591 | D:4      | Found a runed translucent gate.
  1592 | D:4      | Found a runed translucent gate.
  1592 | D:4      | Found a runed translucent gate.
  1593 | D:4      | Found an opulent altar of Gozag.
  1593 | D:4      | Noticed a two-headed ogre
  1593 | D:4      | Noticed chickenman's ghost (weakling HuAr)
  2030 | D:3      | Killed a water moccasin
  2031 | D:3      | Reached XP level 7. HP: 43/61 MP: 6/6
  2031 | D:3      | Reached * piety under Cheibriados
  2081 | D:3      | Bought a potion of ambrosia for 104 gold pieces
  2081 | D:3      | Bought a scroll of teleportation for 39 gold pieces
  2524 | D:5      | Entered Level 5 of the Dungeon
  2683 | D:5      | Reached skill level 7 in Shapeshifting
  2762 | D:5      | Noticed a two-headed ogre
  2771 | D:5      | Slain by a two-headed ogre

Illustrated notes

Levels and vault maps discovered:
D:1:      sevenhm_arrival_forest_fort_small_4, layout_rooms
D:2:      layout_basic, uniq_sigmund, uniq_jessica
D:3:      layout_rooms, shapermc_ecumenical_altar_mp_highgroup, serial_shops,
          shop, st_stairs_7
D:4:      layout_gridville, slow_altar_1, ebering_ghost_gozag
D:5:      nicolae_cairo_tiling_very_big, layout_basic,
          nicolae_ossuary_entry_catacombs

Skill      XL: |  1  2  3  4  5  6  7 |
---------------+----------------------+-----
Shapeshifting  | 4 5 6 7 |  7.1
Unarmed Combat | 4 5 |  5.0
Fighting       | |  0.7
Dodging        | |  1.5

Action                     |  1- 3 |  4- 6 |  7- 9 || total
---------------------------+-------+-------+-------++-------
  Melee: Unarmed           |    49 |    70 |    23 ||   142
         Punch             |       |     2 |       ||     2
  Throw: Dart              |     1 |       |     3 ||     4
    Use: Potion            |       |     1 |       ||     1
         Scroll            |       |       |     6 ||     6
   Stab: Sleeping          |       |     2 |     1 ||     3
 Armour: Animal skin       |    24 |    41 |    17 ||    82
         Skin              |       |    19 |     1 ||    20
  Dodge: Dodged            |    10 |    19 |     9 ||    38

Table legend: (Time is in decaauts)
 A = Elapsed time spent in this place.
 B = Non-inter-level travel time spent in this place.
 C = Inter-level travel time spent in this place.
 D = Time resting spent in this place.
 E = Time spent auto-exploring this place.
 F = Levels seen in this place.
 G = Mean time per level.
                   A        B        C        D        E       F      G
               +--------+--------+--------+--------+--------+-----+--------+
         Total |   3206 |   2952 |    254 |     87 |   2324 |   5 |  641.2 |
       Dungeon |   3206 |   2952 |    254 |     87 |   2324 |   5 |  641.2 |
               +--------+--------+--------+--------+--------+-----+--------+

Top non-repeatable levels by time:
     D:4: 1147 daAuts
     D:3: 746 daAuts
     D:2: 557 daAuts
     D:1: 438 daAuts
     D:5: 316 daAuts
